 Dungeon Crawl Stone Soup version 0.21.1-1-g345015f (webtiles) character file.

907 wilfster70 the Sneak (level 8, -3/57 HPs)
             Began as a Gnoll Enchanter on Feb 15, 2018.
             Was an Initiate of Ru.
             Slain by a steam dragon (4 damage)
             ... on level 5 of the Dungeon on Feb 19, 2018.
             The game lasted 00:19:02 (4851 turns).

wilfster70 the Sneak (Gnoll Enchanter)              Turns: 4851, Time: 00:19:03

Health: -3/57      AC:  4    Str: 10    XL:     8   Next: 8%
Magic:  9/16       EV: 15    Int: 19    God:    Ru [......]
Gold:   262        SH:  0    Dex: 17    Spells: 12/18 levels left

rFire    . . .     SeeInvis .   a - +2 dagger (venom)
rCold    . . .     Gourm    .   (no shield)
rNeg     . . .     Faith    .   s - +0 leather armour
rPois    .         Spirit   .   (no helmet)
rElec    .         Reflect  .   (no cloak)
rCorr    .         Harm     .   k - +0 pair of gloves
MR       .....                  (no boots)
Stlth    +++.......             (no amulet)
HPRegen  0.19/turn              (no ring)
MPRegen  0.15/turn              (no ring)

@: very slightly contaminated
A: distributed training, fangs 1, strong nose
a: Renounce Religion


You were on level 5 of the Dungeon.
You worshipped Ru.
Ru was noncommittal.
You were not hungry.

You visited 1 branch of the dungeon, and saw 5 of its levels.

You collected 262 gold pieces.

Inventory:

Hand Weapons
 a - a +2 dagger of venom (weapon)
 b - a +0 hunting sling
Missiles
 g - 170 stones
 w - 7 steel javelins (quivered)
Armour
 f - a +0 robe
 k - a +0 pair of gloves (worn)
 s - a +0 leather armour (worn)
 v - a +0 buckler
Scrolls
 e - 5 scrolls of remove curse
 m - a scroll of blinking {unknown}
 n - a scroll of magic mapping {unknown}
 o - a scroll of fear {unknown}
 p - a scroll of fog {unknown}
 q - 3 scrolls of identify {unknown}
 u - a scroll of noise {unknown}
Potions
 h - a potion of brilliance
 i - a potion of mutation {unknown}
 j - 2 potions of invisibility {unknown}
 l - 6 potions of curing
 t - a potion of ambrosia {unknown}
Books
 c - a book of Maledictions

   Spells                             Type                      Level
   a - Corona                         Hexes                        1
   b - Ensorcelled Hibernation        Hexes/Ice                    2
   c - Confuse                        Hexes                        3
   d - Tukima's Dance                 Hexes                        3
   e - Dazzling Spray                 Conjuration/Hexes            3
Comestibles
 d - 6 rations


   Skills:
 + Level 2.8 Fighting
 + Level 3.9 Short Blades
 + Level 2.8 Long Blades
 + Level 2.8 Axes
 + Level 2.8 Maces & Flails
 + Level 2.8 Polearms
 + Level 2.8 Staves
 + Level 2.8 Slings
 + Level 2.8 Bows
 + Level 2.8 Crossbows
 + Level 2.8 Throwing
 + Level 2.8 Armour
 + Level 5.4 Dodging
 + Level 6.7 Stealth
 + Level 2.8 Shields
 + Level 2.8 Unarmed Combat
 + Level 5.8 Spellcasting
 + Level 2.3 Conjurations
 + Level 6.0 Hexes
 + Level 2.3 Charms
 + Level 2.3 Summonings
 + Level 2.3 Necromancy
 + Level 2.3 Translocations
 + Level 2.3 Transmutations
 + Level 2.3 Fire Magic
 + Level 2.3 Ice Magic
 + Level 2.3 Air Magic
 + Level 2.3 Earth Magic
 + Level 2.3 Poison Magic
 + Level 3.1 Invocations
 + Level 2.8 Evocations


You had 12 spell levels left.
You knew the following spells:

 Your Spells              Type           Power        Failure   Level  Hunger
a - Corona                Hex            ####...      1%          1    None
b - Ensorcelled Hibernat  Hex/Ice        ###...       4%          2    None
c - Confuse               Hex            ####....     3%          3    ##.....


Dungeon Overview and Level Annotations

Branches:
Dungeon (5/15)
 Temple: D:4-7

Altars:
Ru
Trog


Innate Abilities, Weirdness & Mutations

Your experience applies equally to all skills.
You have very sharp teeth.
Your uncanny sense of smell can sniff out nearby items.


Message History

You barely miss the steam dragon. Your bite misses the steam dragon.
The steam dragon is moderately wounded.
You are engulfed in a cloud of scalding steam.
* * * LOW HITPOINT WARNING * * *
The steam dragon misses you. The steam dragon claws you.
* * * LOW HITPOINT WARNING * * *
Your leather armour prevents you from hitting the steam dragon.
The steam dragon is severely wounded.
The steam dragon bites you.
* * * LOW HITPOINT WARNING * * *
The steam dragon closely misses you.
The fungus is engulfed in a cloud of scalding steam.
The fungus is engulfed in a cloud of scalding steam.
The steam dragon barely misses you. The steam dragon closely misses you.
The steam dragon breathes steam at you. The ball of steam hits you!
* * * LOW HITPOINT WARNING * * *
The fungus is engulfed in a cloud of scalding steam.
The steam dragon misses you. The steam dragon claws you.
You die...

#Z# #o#
#Z# #.#
#)# #####
#g#
##≈P§###
.g.
##PP§§§≈#
..#
#P≈.§§@≈##
.###
#.≈.§D..P#
<
#≈.......#
#.
##≈P≈.^.##
##.P.≈.# ∆
##P.≈##
#^(^#
#..≈#
#####
####≈.P#


You could see a steam dragon.

Vanquished Creatures
  Sigmund (D:2)
  A steam dragon (D:5)
  An ice beast (D:4)
  2 ogres
  An orc priest (D:4)
  3 orc wizards (D:4)
  3 worker ants
  4 adders (D:2)
  9 gnolls
  A shadow imp (D:5)
  An adder zombie (D:5)
  An adder skeleton (D:2)
  A worm (D:2)
  2 dart slugs (D:2)
  3 orcs
  2 ball pythons
  5 bats
  2 giant cockroaches
  3 hobgoblins
  6 jackals
  2 quokkas
  A frilled lizard (D:3)
  10 goblins
  A jackal skeleton (D:4)
  6 kobolds
  6 rats
78 creatures vanquished.

Notes
Turn   | Place    | Note
-------+----------+-------------------------------------------
     0 | D:1      | wilfster70 the Gnoll Enchanter began the quest for the Orb.
     0 | D:1      | Reached XP level 1. HP: 13/13 MP: 6/6
   754 | D:1      | Reached XP level 2. HP: 19/19 MP: 7/7
   936 | D:2      | Learned a level 2 spell: Ensorcelled Hibernation
  1112 | D:2      | Reached XP level 3. HP: 25/25 MP: 9/9
  1117 | D:2      | Learned a level 3 spell: Confuse
  1150 | D:2      | Noticed Sigmund
  1157 | D:2      | Killed Sigmund
  1157 | D:2      | Reached skill level 1 in Fighting
  1157 | D:2      | Reached skill level 1 in Long Blades
  1157 | D:2      | Reached skill level 1 in Axes
  1157 | D:2      | Reached skill level 1 in Maces & Flails
  1157 | D:2      | Reached skill level 1 in Polearms
  1157 | D:2      | Reached skill level 1 in Staves
  1157 | D:2      | Reached skill level 1 in Slings
  1157 | D:2      | Reached skill level 1 in Bows
  1157 | D:2      | Reached skill level 1 in Crossbows
  1157 | D:2      | Reached skill level 1 in Throwing
  1157 | D:2      | Reached skill level 1 in Armour
  1157 | D:2      | Reached skill level 1 in Shields
  1157 | D:2      | Reached skill level 1 in Unarmed Combat
  1157 | D:2      | Reached skill level 5 in Spellcasting
  1157 | D:2      | Reached skill level 1 in Conjurations
  1157 | D:2      | Reached skill level 1 in Charms
  1157 | D:2      | Reached skill level 1 in Summonings
  1157 | D:2      | Reached skill level 1 in Necromancy
  1157 | D:2      | Reached skill level 1 in Translocations
  1157 | D:2      | Reached skill level 1 in Transmutations
  1157 | D:2      | Reached skill level 1 in Fire Magic
  1157 | D:2      | Reached skill level 1 in Ice Magic
  1157 | D:2      | Reached skill level 1 in Air Magic
  1157 | D:2      | Reached skill level 1 in Earth Magic
  1157 | D:2      | Reached skill level 1 in Poison Magic
  1157 | D:2      | Reached skill level 1 in Invocations
  1157 | D:2      | Reached skill level 1 in Evocations
  1157 | D:2      | Reached XP level 4. HP: 32/32 MP: 11/11
  1157 | D:2      | Reached XP level 5. HP: 37/37 MP: 12/12
  1557 | D:2      | Reached XP level 6. HP: 44/44 MP: 10/13
  3135 | D:4      | Found a sacrificial altar of Ru.
  3142 | D:4      | Reached skill level 5 in Dodging
  3151 | D:4      | Became a worshipper of Ru the Awakened
  3278 | D:4      | HP: 2/44 [orc wizard/dagger of venom (4)]
  3307 | D:4      | HP: 2/44 [poisoned by an orc wizard]
  3744 | D:4      | Reached XP level 7. HP: 45/50 MP: 8/15
  4003 | D:5      | Entered Level 5 of the Dungeon
  4624 | D:5      | Found a bloodstained altar of Trog.
  4827 | D:5      | Noticed a steam dragon
  4829 | D:5      | Noticed a steam dragon
  4834 | D:5      | Killed a steam dragon
  4834 | D:5      | Reached XP level 8. HP: 57/57 MP: 16/16
  4850 | D:5      | HP: 1/57 [steam dragon/ball of steam (10)]
  4851 | D:5      | Slain by a steam dragon

Skill      XL: |  1  2  3  4  5  6  7 |
---------------+----------------------+-----
Fighting       | 1 2 |  2.8
Short Blades   | 3 |  3.9
Long Blades    | 1 2 |  2.8
Axes           | 1 2 |  2.8
Maces & Flails | 1 2 |  2.8
Polearms       | 1 2 |  2.8
Staves         | 1 2 |  2.8
Slings         | 1 2 |  2.8
Bows           | 1 2 |  2.8
Crossbows      | 1 2 |  2.8
Throwing       | 1 2 |  2.8
Armour         | 1 2 |  2.8
Stealth        | 6 |  6.7
Shields        | 1 2 |  2.8
Unarmed Combat | 1 2 |  2.8
Spellcasting   | 5 |  5.8
Conjurations   | 1 2 |  2.3
Charms         | 1 2 |  2.3
Summonings     | 1 2 |  2.3
Necromancy     | 1 2 |  2.3
Translocations | 1 2 |  2.3
Transmutations | 1 2 |  2.3
Fire Magic     | 1 2 |  2.3
Ice Magic      | 1 2 |  2.3
Air Magic      | 1 2 |  2.3
Earth Magic    | 1 2 |  2.3
Poison Magic   | 1 2 |  2.3
Invocations    | 1 2 3 |  3.1
Evocations     | 1 2 |  2.8
Dodging        | 5 |  5.4
Hexes          | 6 |  6.0

Action                   |  1- 3 |  4- 6 |  7- 9 || total
-------------------------+-------+-------+-------++-------
Melee: Dagger            |    47 |   115 |    53 ||   215
       Bite              |     2 |     8 |     3 ||    13
 Fire: Hunting sling     |     3 |    11 |       ||    14
 Cast: Corona            |     2 |       |       ||     2
       Ensorcelled Hiber |     1 |    45 |    10 ||    56
       Confuse           |       |       |     5 ||     5
  Use: Potion            |       |     3 |       ||     3
       Scroll            |       |       |     3 ||     3
 Stab: Sleeping          |     8 |    31 |     9 ||    48
       Confused          |       |       |     2 ||     2
  Eat: Chunk             |     1 |     8 |     1 ||    10
       Ration            |       |       |     1 ||     1
Armor: Robe              |     3 |    35 |       ||    38
       Leather armour    |       |     9 |    12 ||    21
Dodge: Dodged            |    39 |   155 |    49 ||   243
